 Dungeon Crawl Stone Soup version 0.24-b1-44-g37ad8b309f (webtiles) character file.

Game seed: 12978485042619953462, levelgen mode: deterministic

1058 Emblim88 the Chopper (level 8, -7/71 HPs)
             Began as a Hill Orc Monk on Oct 23, 2019.
             Mangled by an ice beast (14 damage)
             ... on level 5 of the Dungeon.
             The game lasted 00:09:56 (6052 turns).

Emblim88 the Chopper (Hill Orc Monk)                Turns: 6052, Time: 00:09:56

Health: -7/71      AC: 16    Str: 15    XL:     8   Next: 27%
Magic:  8/8        EV:  6    Int: 15    God:
Gold:   267        SH:  0    Dex: 14    Spells: 7/7 levels left

rFire    . . .     SeeInvis .   w - +0 trident (vamp)
rCold    . . .     Gourm    .   (no shield)
rNeg     . . .     Faith    .   p - +0 plate armour
rPois    +         Spirit   .   r - +0 hat
rElec    .         Reflect  .   n - +0 cloak (curse)
rCorr    .         Harm     .   (no gloves)
MR       .....                  (no boots)
Stlth    ..........             (no amulet)
HPRegen  0.21/turn              e - +3 ring of protection
MPRegen  0.11/turn              g - ring of poison resistance

@: brilliant
A: no striking features
a: no special abilities


You were on level 5 of the Dungeon.
You were not hungry.

You visited 2 branches of the dungeon, and saw 6 of its levels.

You collected 267 gold pieces.

Inventory:

Hand Weapons
 a - a +0 hand axe
 w - a +0 vampiric trident (weapon)
Missiles
 m - 22 poisoned darts (quivered)
Armour
 n - a cursed +0 cloak (worn)
 p - a +0 plate armour (worn)
 r - a +0 hat (worn)
Jewellery
 e - a +3 ring of protection (left hand)
 g - a ring of poison resistance (right hand)
Scrolls
 b - 3 scrolls of blinking {unknown}
 d - 5 scrolls of immolation {unknown}
 f - a scroll of random uselessness {unknown}
 h - 3 scrolls of identify {unknown}
 i - 4 scrolls of amnesia {unknown}
 j - 3 scrolls of teleportation {unknown}
 k - 9 scrolls of remove curse {unknown}
 l - 3 scrolls of magic mapping {unknown}
 v - 3 scrolls of fear {unknown}
Potions
 o - a potion of heal wounds
 q - a potion of lignification {unknown}
 s - a potion of brilliance
 t - a potion of haste {unknown}
Comestibles
 c - 9 rations


   Skills:
 + Level 6.9 Fighting
 - Level 7.2 Axes
 + Level 4.4 Armour
 + Level 4.7 Dodging
 - Level 1.5 Stealth


You had 7 spell levels left.
You didn't know any spells.
Your spell library was empty.

Dungeon Overview and Level Annotations

Branches:
Dungeon (5/15)             Temple (1/1) D:5

Altars:
Elyvilon
Gozag
Hepliaklqana
Kikubaaqudgha
Makhleb
Nemelex Xobeh
Okawaru
Sif Muna
Vehumet
Xom
Yredelemnul
Zin
The Shining One

Shops:
D:5 }

Annotations:
D:5 1 transporter


Message History

Something hits you but does no damage.
The ice beast hits you but does no damage.
You puncture the ice beast!
The ice beast is almost dead.
The crimson imp blinks!
Something hits you but does no damage.
The ice beast hits you but does no damage.
Your plate armour prevents you from hitting the ice beast.
The ice beast is almost dead.
The ice beast hits you. The ice beast freezes you!
* * * LOW HITPOINT WARNING * * *
You hear some strange, mumbled words.
A magic dart appears from out of thin air!
The magic dart hits you.
* * * LOW HITPOINT WARNING * * *
You hit the ice beast but do no damage.
The ice beast is almost dead.
The crimson imp barely misses you. The ice beast hits you.
* * * LOW HITPOINT WARNING * * *
The ice beast freezes you!
You die...

##### #####..(##
##........#####
#.......©.....##
#...#########..#
#..##8.....8##)#
#..#...{.Y...#.#
#..#...§@5...#.#
#########..#...=.....#.#
...........#.......!©#.#
#########..#.........#.#
#..#.........#.#
#####..#..$??%$..#.#
#......##8$._[$8##.# #
#.##....#########..#
#####.##..#.....©.....##


You could see an ice beast and a crimson imp.

Vanquished Creatures
  Grinder (D:4)
  Menkaure (D:4)
  A phantom (D:5)
  A centaur (D:5)
  A gnoll sergeant (D:5)
  A scorpion (D:5)
  2 crimson imps (D:5)
  A hound (D:5)
  An orc wizard (D:4)
  Crazy Yiuf (D:3)
  A centaur skeleton (D:4)
  2 worker ants (D:5)
  A hound skeleton (D:5)
  Robin (D:3)
  8 adders
  2 shadow imps
  An adder skeleton (D:5)
  3 worms (D:2)
  3 dart slugs
  3 leopard geckos
  5 orcs
  5 giant cockroaches
  21 goblins
  12 hobgoblins
  5 jackals
  4 ball pythons
  10 bats
  5 frilled lizards
  7 kobolds
  10 rats
  4 fungi (D:3)
124 creatures vanquished.

Notes
Turn   | Place    | Note
-------+----------+-------------------------------------------
     0 | D:1      | Emblim88 the Hill Orc Monk began the quest for the Orb.
     0 | D:1      | Reached XP level 1. HP: 19/19 MP: 1/1
   301 | D:1      | Reached XP level 2. HP: 27/27 MP: 2/2
   623 | D:1      | Found a glowing golden altar of the Shining One.
   780 | D:1      | Reached XP level 3. HP: 33/33 MP: 3/3
  1340 | D:2      | Found a shimmering altar of Xom.
  1417 | D:2      | HP: 1/33 [worm (8)]
  1803 | D:2      | Reached XP level 4. HP: 41/41 MP: 4/4
  1935 | D:2      | Reached skill level 5 in Axes
  2760 | D:3      | Noticed Robin
  2787 | D:3      | Killed Robin
  2787 | D:3      | Reached XP level 5. HP: 14/47 MP: 5/5
  3263 | D:3      | Reached skill level 1 in Armour
  3621 | D:3      | Reached skill level 5 in Fighting
  3837 | D:3      | Found a runed translucent door.
  3838 | D:3      | Noticed Crazy Yiuf
  3847 | D:3      | Killed Crazy Yiuf
  3903 | D:4      | Noticed Grinder
  3919 | D:4      | Killed Grinder
  3919 | D:4      | Reached skill level 6 in Axes
  3919 | D:4      | Reached XP level 6. HP: 35/56 MP: 6/6
  4286 | D:4      | Reached XP level 7. HP: 51/62 MP: 7/7
  4315 | D:4      | Noticed Menkaure
  4321 | D:4      | Killed Menkaure
  4812 | D:5      | Entered Level 5 of the Dungeon
  4886 | D:5      | Found a staircase to the Ecumenical Temple.
  4913 | Temple   | Entered the Ecumenical Temple
  5367 | D:5      | Reached skill level 7 in Axes
  5470 | D:5      | Reached XP level 8. HP: 39/71 MP: 8/8
  5647 | D:5      | Found a hazy altar of Hepliaklqana.
  5647 | D:5      | Found a transporter.
  5659 | D:5      | Found a transporter.
  5929 | D:5      | Found Olassopo's Gadget Shop.
  6052 | D:5      | Mangled by an ice beast

Skill      XL: |  1  2  3  4  5  6  7  8 |
---------------+-------------------------+-----
Fighting       | 4 5 6 |  6.9
Dodging        | 3 4 |  4.7
Axes           | 5 6 7 |  7.2
Armour         | 2 3 4 |  4.4
Stealth        | |  1.5

Action                   |  1- 3 |  4- 6 |  7- 9 || total
-------------------------+-------+-------+-------++-------
Melee: Hand axe          |   119 |   242 |   163 ||   524
       Trident           |       |       |    93 ||    93
  Use: Potion            |       |     2 |     3 ||     5
 Stab: Distracted        |       |       |     1 ||     1
  Eat: Chunk             |     3 |     6 |     3 ||    12
       Ration            |       |     1 |     1 ||     2
Armor: Ring mail         |    67 |    22 |       ||    89
       Plate armour      |       |   150 |   189 ||   339
Dodge: Dodged            |    59 |    83 |    63 ||   205
